 Dungeon Crawl Stone Soup version 0.17.0-26-gececa24 (console) character file.

7 gw the Caller (level 2, -1/20 HPs)
             Began as a Human Summoner on Nov 19, 2015.
             Slain by a goblin (2 damage)
             ... on level 1 of the Dungeon.
             The game lasted 00:00:49 (877 turns).

gw the Caller (Human Summoner)                       Turns: 877, Time: 00:00:49

Health: -1/20      AC:  8    Str:  8    XL:     2   Next: 5%
Magic:  0/5        EV:  3    Int: 15    God:
Gold:   40         SH:  0    Dex: 13    Spells: 1 memorised, 4 levels left

rFire  . . .     SeeInvis .     b - +0 spear
rCold  . . .     Clarity  .     k - +0 chain mail
rNeg   . . .     SustAt   .     (no shield)
rPois  .         Gourm    .     (no helmet)
rElec  .         Spirit   .     (no cloak)
rCorr  .         Warding  .     (no gloves)
rMut   .         Stasis   .     (no boots)
MR     .....                    (no amulet)
Stlth  ..........               (no ring)
                                (no ring)

@: very slightly contaminated, not resistant to hostile enchantments, extremely
unstealthy
A: no striking features
a: no special abilities


You were on level 1 of the Dungeon.
You were full.

You visited 1 branch of the dungeon, and saw 1 of its levels.

You collected 40 gold pieces.

Inventory:

Hand Weapons
 b - a +0 spear (weapon)
Missiles
 e - 19 poisoned needles
 i - 46 stones (quivered)
Armour
 k - a +0 chain mail (worn)
Scrolls
 c - a scroll of magic mapping {unknown}
 h - 2 scrolls of identify {unknown}
Potions
 d - a potion of cancellation {unknown}
 f - a potion of cure mutation {unknown}
 j - a potion of resistance {unknown}
Books
 g - a book of Callings

   Spells                             Type                      Level
   a - Summon Small Mammal            Summoning                    1
   b - Call Imp                       Summoning                    2
   c - Call Canine Familiar           Summoning                    3
   d - Summon Guardian Golem          Hexes/Summoning              3
   e - Summon Lightning Spire         Summoning/Air                4
   f - Summon Ice Beast               Ice/Summoning                4


   Skills:
 + Level 0.4 Fighting
 * Level 0.8 Polearms
 + Level 0.4 Throwing
 + Level 0.4 Armour
 - Level 2.0 Dodging
 - Level 2.0 Stealth
 - Level 2.0 Spellcasting
 - Level 4.0 Summonings


You had 4 spell levels left.
You knew the following spells:

 Your Spells              Type           Power        Failure   Level  Hunger
a - Summon Small Mammal   Summ           ##..         100%        1    #......


Dungeon Overview and Level Annotations

Branches:
Dungeon (1/15)

Altars:


Message History

The hobgoblin hits you but does no damage.
ATTACKING (-1,0)
You closely miss the hobgoblin. The goblin hits you but does no damage.
The hobgoblin hits you but does no damage.
ATTACKING (-1,0)
You hit the hobgoblin but do no damage. The goblin hits you.
The hobgoblin hits you with a club.
Casting: Summon Small Mammal
Confirm with . or Enter, or press ? or * to list all spells.
You miscast Summon Small Mammal.
The world appears momentarily distorted.
The goblin hits you. The hobgoblin hits you with a club.
You aren't carrying any food.
The goblin hits you but does no damage.
The hobgoblin hits you but does no damage.
There isn't anything here!
ATTACKING (-1,0)
You barely miss the hobgoblin. The goblin hits you.
The hobgoblin hits you with a club. The goblin hits you.
You die...

.#########.##.#.########.
#.........#..........#
#.#....#.....#.#####.#
#....#####.#.#####.#
#....# #.#.......#
#....#####.#########
#.#...............
#..........#g##
#..........gp#
##.........###
+.........# #.........#
#.........# ###
########.### ..#######
##...####
#.......####.......##
..~~~~...##...~ยค~~..#


You could see a hobgoblin and a goblin.

Table legend:
 A = Turns spent in this place as a percentage of turns spent in the entire game.
 B = Non-inter-level travel turns spent in this place as a percentage of non-inter-level travel turns spent in the entire game.
 C = Inter-level travel turns spent in this place as a percentage of turns spent in this place.
 D = Turns resting spent in this place as a percentage of non-inter-level travel turns spent in this place.
 E = Turns spent auto-exploring this place as a percentage of non-inter-level travel turns spent in this place.
 F = Non-inter-level travel turns spent in this place divided by the number of levels of this place that you've seen.
                   A       B       C       D       E      F
               +-------+-------+-------+-------+-------+----------------------
         Total | 100.0 | 100.0 |   0.0 |   1.6 |   1.9 | 1012.0
       Dungeon | 100.0 | 100.0 |   0.0 |   1.6 |   1.9 | 1012.0
               +-------+-------+-------+-------+-------+----------------------

Table legend:
 A = Kills in this place as a percentage of kills in entire the game.
 B = Kills by you in this place as a percentage of kills by you in the entire game.
 C = Kills by friends in this place as a percentage of kills by friends in the entire game.
 D = Other kills in this place as a percentage of other kills in the entire game.
 E = Experience gained in this place as a percentage of experience gained in the entire game.
 F = Experience gained in this place divided by the number of levels of this place that you have seen.
                   A       B       C       D       E      F
               +-------+-------+-------+-------+-------+----------------------
         Total | 100.0 | 100.0 | 100.0 |  -nan | 100.0 |  10.0
       Dungeon | 100.0 | 100.0 | 100.0 |  -nan | 100.0 |  10.0
               +-------+-------+-------+-------+-------+----------------------

Vanquished Creatures
  A hobgoblin (D:1)
  2 rats (D:1)
3 creatures vanquished.

Vanquished Creatures (collateral kills)
  A hobgoblin (D:1)
  A jackal (D:1)
  2 kobolds (D:1)
  A bat (D:1)
5 creatures vanquished.

Grand Total: 8 creatures vanquished

Notes
Turn   | Place    | Note
--------------------------------------------------------------
     0 | D:1      | gw the Human Summoner began the quest for the Orb.
     0 | D:1      | Reached XP level 1. HP: 13/13 MP: 3/3
   730 | D:1      | Reached XP level 2. HP: 14/20 MP: 0/5
   877 | D:1      | HP: 1/20 [hobgoblin/club (4)]
   877 | D:1      | Slain by a goblin

Action                   || total
-------------------------++-------
Melee: Spear             ||    15
 Cast: Summon Small Mamm ||    15
 Stab: Distracted        ||     1
  Eat: Bread ration      ||     1

Vault maps used:
D:1:      dpeg_arrival_pits
